AoeStats
← Savy

Arabia

509878609Analyzed
1v1 RM · 3d ago on Sep 28, 2026· 30m 20s· 2 players
Game mode
Random Map
Map size
Tiny (2 player)
Population
200
Speed
Normal
Resources
Standard
Victory
Conquest
Starting age
Dark Age
Ending age
Imperial Age
RankedLock teamsTeams togetherTeam positionsShared explorationLock speedFull tech treeHidden civsTurbo modeCheats
Victory
Defeat
🇪🇸 Magyars · Spain
1195
+17
🇮🇳 Romans · India
1212
-17
n13s
7:16 Loom
10:01 Feudal Age
19:08 Padded Archer Armor
26:55 Castle Age
25:10 Double-Bit Axe
27:10 Fletching
26:58 Crossbowman
29:38 Bodkin Arrow
30:05 Ballistics
Savy
5:54 Loom
9:05 Feudal Age
9:08 Man-at-Arms
17:57 Scale Mail Armor
19:32 Forging
19:30 Fletching
27:52 Castle Age
27:39 Scale Barding Armor
27:55 Elite Skirmisher
Connection lost

Rejoining the realm…

Still unreachable

The connection could not be restored.

Session expired

The server has moved on; the page needs a fresh start.